[Event "GER-chW Blitz 2019"]
[Site "Magdeburg"]
[Date "2019.05.25"]
[Round "11.12"]
[White "Kopylov, Luba"]
[Black "Gheng, Simona"]
[Result "1-0"]
[ECO "D30"]
[WhiteElo "2078"]
[BlackElo "1991"]
[Annotator "NA"]
[PlyCount "145"]
[EventDate "2019.05.25"]
[EventType "tourn"]
[EventCountry "GER"]
[SourceTitle "playchess.com"]
[Source "ChessBase"]
[SourceQuality "1"]
[TimeControl "180+2"]

1. d4 d5 2. c4 e6 3. cxd5 exd5 4. Nc3 Nf6 5. Qc2 Nbd7 6. Bg5 Be7 7. e3 h6 8. Bf4 c6 9. Bd3 O-O 10. Nge2 Re8 11. O-O-O b5 12. Nxb5 Qa5 13. Nc7 Bb7 14. Nxa8 Rxa8 15. Nc3 Bb4 16. a3 Bxc3 17. Qxc3 Qa4 18. Bc2 Qb5 19. Qd3 Qa5 20. g4 Ba6 21. Qd2 Qxd2+ 22. Rxd2 Nxg4 23. Rg1 h5 24. Bf5 Ngf6 25. Rc2 Bb7 26. h4 g6 27. Bg5 Kh7 28. Bd3 Re8 29. b4 a6 30. Kb2 Ne4 31. Bxe4 Rxe4 32. Rgc1 Rg4 33. Rxc6 Bxc6 34. Rxc6 f6 35. Rc7 fxg5 36. Rxd7+ Kg8 37. hxg5 h4 38. Rc7 h3 39. Rc1 Rg2 40. Rh1 Rxf2+ 41. Kb3 h2 42. Ka4 Ra2 43. b5 axb5+ 44. Kxb5 Rxa3 45. Rxh2 Rxe3 46. Kc5 Rg3 47. Kxd5 Rxg5+ 48. Ke6 Rg1 49. d5 Re1+ 50. Kd7 Kf7 51. Rf2+ Kg7 52. d6 g5 53. Kd8 Re3 54. d7 Re1 55. Rc2 Kf6 56. Kc8 Rd1 57. d8=Q+ Rxd8+ 58. Kxd8 Kf5 59. Rf2+ Kg4 60. Ke7 Kg3 61. Rf5 g4 62. Ke6 Kh2 63. Rh5+ Kg2 64. Kf5 g3 65. Kf4 Kf2 66. Rc5 g2 67. Rc2+ Kf1 68. Kf3 g1=N+ 69. Ke3 Nh3 70. Rh2 Ng1 71. Rf2+ Ke1 72. Rg2 Nh3 73. Rg3 1-0

[Event "GER-chW Blitz 2019"]
[Site "Magdeburg"]
[Date "2019.05.25"]
[Round "12.1"]
[White "Roesler, Hannah Clara Hed"]
[Black "Gheng, Simona"]
[Result "1-0"]
[ECO "B22"]
[WhiteElo "1619"]
[BlackElo "1991"]
[Annotator "NA"]
[PlyCount "55"]
[EventDate "2019.05.25"]
[EventType "tourn"]
[EventCountry "GER"]
[SourceTitle "playchess.com"]
[Source "ChessBase"]
[SourceQuality "1"]
[TimeControl "180+2"]

1. e4 c5 2. c3 d6 3. d4 cxd4 4. cxd4 g6 5. Nc3 Bg7 6. Bc4 Nf6 7. Bd3 O-O 8. Nf3 Nc6 9. O-O Bg4 10. Be2 a6 11. h3 Bd7 12. Bg5 Qa5 13. Qd2 Rac8 14. Bh6 b5 15. Bxg7 Kxg7 16. e5 Ne8 17. Rfd1 Bf5 18. Nh4 Bd7 19. Rac1 b4 20. Ne4 dxe5 21. dxe5 Nxe5 22. Qd4 Rxc1 23. Rxc1 f6 24. f4 Bc6 25. fxe5 Bxe4 26. Qxe4 f5 27. Qd4 e6 28. Bc4 1-0

[Event "GER-chW Blitz 2019"]
[Site "Magdeburg"]
[Date "2019.05.25"]
[Round "12.2"]
[White "Kunze, Kerstin"]
[Black "Kopylov, Luba"]
[Result "0-1"]
[ECO "B53"]
[WhiteElo "2066"]
[BlackElo "2078"]
[Annotator "NA"]
[PlyCount "42"]
[EventDate "2019.05.25"]
[EventType "tourn"]
[EventCountry "GER"]
[SourceTitle "playchess.com"]
[Source "ChessBase"]
[SourceQuality "1"]
[TimeControl "180+2"]

1. e4 c5 2. Nf3 d6 3. d4 cxd4 4. Qxd4 Nc6 5. Bb5 Bd7 6. Bxc6 Bxc6 7. c4 Nf6 8. Nc3 e6 9. O-O Be7 10. Re1 O-O 11. b3 h6 12. Bb2 b6 13. Rad1 Qc7 14. h3 Rfd8 15. Nh2 a6 16. f4 d5 17. Kh1 dxe4 18. Qe3 Bc5 19. Qe2 Qxf4 20. Rf1 Qg5 21. Na4 Nh5 0-1

[Event "GER-chW Blitz 2019"]
[Site "Magdeburg"]
[Date "2019.05.25"]
[Round "12.3"]
[White "Kreismann, Franziska"]
[Black "Zimmer, Elke"]
[Result "0-1"]
[ECO "D60"]
[WhiteElo "1589"]
[BlackElo "1926"]
[Annotator "NA"]
[PlyCount "130"]
[EventDate "2019.05.25"]
[EventType "tourn"]
[EventCountry "GER"]
[SourceTitle "playchess.com"]
[Source "ChessBase"]
[SourceQuality "1"]
[TimeControl "180+2"]

1. d4 d5 2. c4 e6 3. Nc3 Nf6 4. Nf3 Be7 5. Bg5 O-O 6. e3 Nbd7 7. Bd3 c5 8. cxd5 Nxd5 9. Bxe7 Qxe7 10. Bc2 cxd4 11. Qd3 N7f6 12. Nxd4 Nb4 13. Qd2 Nxc2+ 14. Qxc2 Bd7 15. O-O Rac8 16. Qd3 a6 17. a4 Rfd8 18. Qe2 Qb4 19. Rfc1 Qa5 20. Nf3 Bc6 21. Rc2 Qh5 22. h3 Qg6 23. Rac1 Rc7 24. Nh4 Qg5 25. Nf3 Qh5 26. Nd4 Qxe2 27. Ncxe2 Rcd7 28. b3 Be4 29. Rc3 h6 30. g4 Nd5 31. Rc5 Bg6 32. Rc8 Nb6 33. Rxd8+ Rxd8 34. Rc7 Be4 35. Kh2 Bd5 36. Kg3 Rc8 37. Rxc8+ Nxc8 38. Nf4 Be4 39. h4 Nd6 40. b4 g5 41. hxg5 hxg5 42. Nh3 e5 43. Nf5 Nxf5+ 44. gxf5 Bxf5 45. Ng1 f6 46. Nh3 Kf7 47. Ng1 Bd3 48. Nf3 b6 49. Nd2 Bc2 50. a5 bxa5 51. bxa5 Ke6 52. Nc4 Bd3 53. Nb6 Kd6 54. Nc8+ Kd7 55. Nb6+ Ke6 56. Kg2 f5 57. Kg3 Kf6 58. Kg2 g4 59. Kg3 Kg5 60. Kg2 f4 61. Nd5 Bc4 62. exf4+ exf4 63. Nc3 Kf5 64. Nd1 Ke4 65. Nc3+ Ke5 0-1

[Event "GER-chW Blitz 2019"]
[Site "Magdeburg"]
[Date "2019.05.25"]
[Round "12.4"]
[White "Daemering, Katrin"]
[Black "Mader, Lena"]
[Result "1-0"]
[ECO "A05"]
[WhiteElo "2003"]
[BlackElo "1839"]
[Annotator "NA"]
[PlyCount "43"]
[EventDate "2019.05.25"]
[EventType "tourn"]
[EventCountry "GER"]
[SourceTitle "playchess.com"]
[Source "ChessBase"]
[SourceQuality "1"]
[TimeControl "180+2"]

1. Nf3 Nf6 2. g3 g6 3. Bg2 Bg7 4. d3 d5 5. O-O O-O 6. Nbd2 c5 7. c4 d4 8. a3 Nc6 9. Rb1 a5 10. Ne1 e5 11. h3 Qc7 12. e3 Be6 13. Ndf3 dxe3 14. fxe3 e4 15. Ng5 Bf5 16. g4 Bxg4 17. hxg4 exd3 18. Nxd3 Rad8 19. Qe2 Qg3 20. Nf2 h6 21. Nge4 Qc7 22. Nxc5 1-0

[Event "GER-chW Blitz 2019"]
[Site "Magdeburg"]
[Date "2019.05.25"]
[Round "12.5"]
[White "Sieber, Fiona"]
[Black "Braje, Monika"]
[Result "1-0"]
[ECO "B01"]
[WhiteElo "2250"]
[BlackElo "1781"]
[Annotator "NA"]
[PlyCount "45"]
[EventDate "2019.05.25"]
[EventType "tourn"]
[EventCountry "GER"]
[SourceTitle "playchess.com"]
[Source "ChessBase"]
[SourceQuality "1"]
[TimeControl "180+2"]

1. e4 d5 2. exd5 Nf6 3. d4 Nxd5 4. c4 Nb6 5. Nc3 e5 6. d5 Bb4 7. Qc2 O-O 8. Nf3 f6 9. Bd3 g6 10. Bd2 Qe7 11. O-O-O N8d7 12. h4 f5 13. Be2 e4 14. Nd4 Nc5 15. h5 g5 16. h6 Bd7 17. a3 Bxc3 18. Bxc3 Ba4 19. Qd2 Bxd1 20. Bxd1 Rf6 21. Qxg5+ Kh8 22. Kb1 Rf7 23. Nxf5+ 1-0

[Event "GER-chW Blitz 2019"]
[Site "Magdeburg"]
[Date "2019.05.25"]
[Round "12.6"]
[White "Osmanodja, Filiz"]
[Black "Schulze, Lara"]
[Result "0-1"]
[ECO "C00"]
[WhiteElo "2260"]
[BlackElo "2160"]
[Annotator "NA"]
[PlyCount "138"]
[EventDate "2019.05.25"]
[EventType "tourn"]
[EventCountry "GER"]
[SourceTitle "playchess.com"]
[Source "ChessBase"]
[SourceQuality "1"]
[TimeControl "180+2"]

1. e4 e6 2. d3 d5 3. Qe2 c5 4. exd5 Qxd5 5. Nc3 Qd8 6. Bf4 Nf6 7. Nf3 Nc6 8. O-O-O a6 9. Ne4 Nd5 10. Bd2 Be7 11. Kb1 O-O 12. Nfg5 f5 13. Nxh7 Kxh7 14. Qh5+ Kg8 15. Ng5 Bxg5 16. Bxg5 Qe8 17. Qh4 Nf6 18. Be2 Nd4 19. Bf3 Qa4 20. b3 Qa5 21. Bd2 Qa3 22. Bc1 Qa5 23. Bb2 Nb5 24. Qc4 Na3+ 25. Bxa3 Qxa3 26. g4 Qb4 27. Qxb4 cxb4 28. gxf5 exf5 29. Rhg1 Kf7 30. Rg5 g6 31. Rdg1 Rg8 32. h4 Rb8 33. h5 Be6 34. hxg6+ Kg7 35. Rh1 Rh8 36. Rxh8 Rxh8 37. Bxb7 a5 38. Kb2 Rh6 39. d4 Rxg6 40. Rxg6+ Kxg6 41. c4 bxc3+ 42. Kxc3 Bd5 43. Bxd5 Nxd5+ 44. Kc4 Nf4 45. Kb5 Nd3 46. f3 Ne1 47. f4 Nd3 48. d5 Nxf4 49. d6 Ne6 50. Kc4 f4 51. Kd3 Kf5 52. a3 Ke5 53. b4 axb4 54. axb4 Kxd6 55. Ke4 Kc6 56. Kf3 Kb5 57. Ke4 Kxb4 58. Kf3 Kc5 59. Ke4 Kd6 60. Kf3 Ke5 61. Kf2 Nd4 62. Kf1 Ke4 63. Kf2 f3 64. Kf1 Ke3 65. Ke1 Nf5 66. Kf1 Ng3+ 67. Kg1 f2+ 68. Kh2 f1=Q 69. Kxg3 Qf4+ 0-1

[Event "GER-chW Blitz 2019"]
[Site "Magdeburg"]
[Date "2019.05.25"]
[Round "12.7"]
[White "Michna, Marta"]
[Black "Kushka, Alena"]
[Result "1-0"]
[ECO "A45"]
[WhiteElo "2355"]
[BlackElo "2148"]
[Annotator "NA"]
[PlyCount "75"]
[EventDate "2019.05.25"]
[EventType "tourn"]
[EventCountry "GER"]
[SourceTitle "playchess.com"]
[Source "ChessBase"]
[SourceQuality "1"]
[TimeControl "180+2"]

1. d4 Nf6 2. c3 c5 3. Nf3 b6 4. e3 Bb7 5. Be2 g6 6. Nbd2 Bg7 7. O-O O-O 8. b3 d6 9. Bb2 Nbd7 10. c4 cxd4 11. exd4 Re8 12. d5 e5 13. dxe6 fxe6 14. Re1 Qc7 15. Bf1 e5 16. Ng5 Nc5 17. b4 Ne6 18. Nge4 Nxe4 19. Nxe4 Rad8 20. Rc1 Nf4 21. g3 Ne6 22. Bg2 Qe7 23. Qa4 Ba8 24. h4 Qf7 25. Rcd1 Nd4 26. Ng5 Qxc4 27. Bxa8 Rxa8 28. Bxd4 b5 29. Qa6 exd4 30. Qb7 Qxa2 31. h5 Qc4 32. hxg6 hxg6 33. Rc1 Qb3 34. Rb1 Qc4 35. Rec1 Qd3 36. Qf7+ Kh8 37. Kg2 Qf5 38. Rh1+ 1-0

[Event "GER-chW Blitz 2019"]
[Site "Magdeburg"]
[Date "2019.05.25"]
[Round "12.8"]
[White "Muetsch, Annmarie"]
[Black "Ries, Jutta"]
[Result "1/2-1/2"]
[ECO "B04"]
[WhiteElo "2266"]
[BlackElo "2017"]
[Annotator "NA"]
[PlyCount "117"]
[EventDate "2019.05.25"]
[EventType "tourn"]
[EventCountry "GER"]
[SourceTitle "playchess.com"]
[Source "ChessBase"]
[SourceQuality "1"]
[TimeControl "180+2"]

1. e4 Nf6 2. e5 Nd5 3. d4 d6 4. Nf3 g6 5. Bc4 Nb6 6. Bb3 Bg7 7. Qe2 O-O 8. h3 Nc6 9. c3 dxe5 10. dxe5 Bf5 11. Bf4 e6 12. Na3 Qd3 13. Rd1 Qxe2+ 14. Kxe2 Rad8 15. Nb5 Nd7 16. Nxc7 Ndxe5 17. Nxe5 Nxe5 18. Bxe5 Bxe5 19. Nb5 a6 20. Na3 g5 21. Bc2 Bxc2 22. Nxc2 Kg7 23. Ne3 Bf6 24. Rxd8 Rxd8 25. Rd1 Rxd1 26. Kxd1 h5 27. Kc2 Be7 28. g4 hxg4 29. hxg4 Kf6 30. Kd3 Bc5 31. Nd1 Ke5 32. f3 Kf4 33. Ke2 e5 34. b3 e4 35. fxe4 Kxg4 36. Nb2 Bb6 37. Nd3 Kg3 38. e5 Bc7 39. Ke3 g4 40. c4 Kh2 41. Ke2 g3 42. Ne1 Kh1 43. Nf3 g2 44. Kf2 Bb6+ 45. Kg3 g1=Q+ 46. Nxg1 Bxg1 47. Kf4 Bh2+ 48. Kf5 Kg2 49. Kf6 Kf3 50. Kxf7 Bxe5 51. Ke6 Bd4 52. Kd5 Ke3 53. c5 Kd3 54. c6 bxc6+ 55. Kxc6 a5 56. Kb5 Bc3 57. a3 Kc2 58. b4 axb4 59. axb4 1/2-1/2

[Event "GER-chW Blitz 2019"]
[Site "Magdeburg"]
[Date "2019.05.25"]
[Round "12.9"]
[White "Siegl, Melina"]
[Black "Lubbe, Melanie"]
[Result "1-0"]
[ECO "B50"]
[WhiteElo "2029"]
[BlackElo "2278"]
[Annotator "NA"]
[PlyCount "69"]
[EventDate "2019.05.25"]
[EventType "tourn"]
[EventCountry "GER"]
[SourceTitle "playchess.com"]
[Source "ChessBase"]
[SourceQuality "1"]
[TimeControl "180+2"]

1. e4 c5 2. Nf3 d6 3. d3 Nc6 4. g3 g6 5. Bg2 Bg7 6. c3 e6 7. O-O Nge7 8. Re1 O-O 9. Nbd2 Rb8 10. Nf1 b5 11. Be3 b4 12. Qd2 bxc3 13. bxc3 Ba6 14. h4 Rb6 15. Red1 Qb8 16. Bh6 Rb2 17. Qc1 Qb6 18. Bxg7 Kxg7 19. h5 Rb8 20. h6+ Kf8 21. Qf4 Ng8 22. Ng5 Nxh6 23. Nxe6+ Kg8 24. Qxh6 fxe6 25. Bh3 Nd8 26. Ne3 Qc7 27. Ng4 Qg7 28. Qf4 e5 29. Qg5 Ne6 30. Nh6+ Kf8 31. Bxe6 Bb5 32. Ng4 Ke8 33. Nf6+ Ke7 34. Nh5+ Kf8 35. Nxg7 1-0

[Event "GER-chW Blitz 2019"]
[Site "Magdeburg"]
[Date "2019.05.25"]
[Round "12.10"]
[White "Hofmann, Karina"]
[Black "Fuchs, Judith"]
[Result "0-1"]
[ECO "A03"]
[WhiteElo "1700"]
[BlackElo "2218"]
[Annotator "NA"]
[PlyCount "158"]
[EventDate "2019.05.25"]
[EventType "tourn"]
[EventCountry "GER"]
[SourceTitle "playchess.com"]
[Source "ChessBase"]
[SourceQuality "1"]
[TimeControl "180+2"]

1. f4 d5 2. Nf3 g6 3. e3 Bg7 4. Nc3 c5 5. Bb5+ Nc6 6. b3 Bd7 7. Bb2 e6 8. Qe2 Nge7 9. Na4 Bxb2 10. Nxb2 a6 11. Bxc6 Nxc6 12. O-O Qf6 13. c3 O-O 14. d4 cxd4 15. cxd4 Ne7 16. a4 Nf5 17. Ne5 Rfd8 18. Rfc1 Qe7 19. Rc7 f6 20. Ned3 b6 21. Rac1 Rac8 22. Nf2 Qd6 23. Rxc8 Rxc8 24. Rxc8+ Bxc8 25. g4 Ne7 26. Qc2 e5 27. dxe5 fxe5 28. Nbd3 exf4 29. Nxf4 Bd7 30. h3 Qe5 31. Qd3 b5 32. Qd4 Qxd4 33. exd4 bxa4 34. bxa4 Bxa4 35. h4 Bb5 36. Nd1 a5 37. Nc3 Bc4 38. Kf2 Bb3 39. Ke3 a4 40. Kd2 a3 41. Kc1 Nc6 42. Nfxd5 Nxd4 43. Nb4 Nf3 44. h5 Ne5 45. hxg6 hxg6 46. Nba2 Nxg4 47. Kd2 Ne5 48. Ke3 Kf7 49. Kf4 Ke6 50. Kg5 Kf7 51. Nb4 Nf3+ 52. Kg4 Nd4 53. Nba2 Nc2 54. Kg5 Ne3 55. Kf4 Nc4 56. Ke4 Kg7 57. Kd4 Nd6 58. Kc5 Nf5 59. Kb4 Bxa2 60. Nxa2 g5 61. Kxa3 g4 62. Nc3 g3 63. Ne2 g2 64. Ng1 Kf6 65. Kb3 Ke5 66. Kc3 Kf4 67. Kd2 Kg3 68. Ke2 Nd4+ 69. Ke3 Nc2+ 70. Kd2 Na3 71. Ke3 Nc4+ 72. Kd3 Ne5+ 73. Ke3 Nf7 74. Ne2+ Kh2 75. Kf2 Ng5 76. Ng1 Ne4+ 77. Kf3 Kxg1 78. Kxe4 Kf1 79. Kf4 g1=Q 0-1

[Event "GER-chW Blitz 2019"]
[Site "Magdeburg"]
[Date "2019.05.25"]
[Round "12.11"]
[White "Birkholz, Olga"]
[Black "Kotyk, Valeriya"]
[Result "1-0"]
[ECO "C00"]
[WhiteElo "2031"]
[BlackElo "1739"]
[Annotator "NA"]
[PlyCount "65"]
[EventDate "2019.05.25"]
[EventType "tourn"]
[EventCountry "GER"]
[SourceTitle "playchess.com"]
[Source "ChessBase"]
[SourceQuality "1"]
[TimeControl "180+2"]

1. e4 e6 2. Qe2 c6 3. f4 d5 4. e5 c5 5. Nf3 Nc6 6. d3 Nge7 7. g3 Nf5 8. c3 b6 9. Bh3 Nfe7 10. Na3 Bb7 11. Nb5 Ng6 12. f5 exf5 13. Bxf5 a6 14. Nd6+ Bxd6 15. exd6+ Kf8 16. d7 Qe7 17. Bf4 Qxe2+ 18. Kxe2 f6 19. Bd6+ Kf7 20. Kd2 Nge7 21. Bh3 d4 22. Rhf1 dxc3+ 23. bxc3 c4 24. Ng5+ Kg6 25. Ne6 Nd5 26. dxc4 Nd8 27. cxd5 Bxd5 28. Nf4+ Kf7 29. Nxd5 b5 30. Rae1 Nc6 31. Be6+ Kg6 32. Nf4+ Kh6 33. Bd5 1-0

[Event "GER-chW Blitz 2019"]
[Site "Magdeburg"]
[Date "2019.05.25"]
[Round "12.12"]
[White "Rath, Alina"]
[Black "Silz, Elisa"]
[Result "1-0"]
[ECO "A16"]
[WhiteElo "2042"]
[BlackElo "1977"]
[Annotator "NA"]
[PlyCount "98"]
[EventDate "2019.05.25"]
[EventType "tourn"]
[EventCountry "GER"]
[SourceTitle "playchess.com"]
[Source "ChessBase"]
[SourceQuality "1"]
[TimeControl "180+2"]

1. c4 Nf6 2. Nc3 g6 3. g3 Bg7 4. Bg2 d6 5. e4 O-O 6. Nge2 e5 7. O-O c6 8. d3 a6 9. h3 b5 10. b3 Nbd7 11. Be3 b4 12. Na4 c5 13. Qd2 Bb7 14. Kh2 Ne8 15. Bh6 Qc7 16. Bxg7 Kxg7 17. f4 f5 18. exf5 Bxg2 19. Kxg2 Rxf5 20. g4 Rf8 21. Qe3 Nef6 22. f5 Qc6+ 23. Kh2 d5 24. g5 Nh5 25. f6+ Kh8 26. Rac1 d4 27. Qf3 Qe6 28. Rce1 Qd6 29. Kh1 Rae8 30. Ng3 e4 31. Nxe4 Rxe4 32. Rxe4 Ng3+ 33. Kg2 Nxf1 34. Kxf1 Ne5 35. Qf4 Nf7 36. Qxd6 Nxd6 37. Re6 Nf7 38. h4 h6 39. gxh6 Nxh6 40. Nxc5 Ng4 41. Nd7 Rf7 42. Re8+ Kh7 43. Kg2 Ne3+ 44. Kf3 Nf5 45. Rd8 Ne3 46. Nf8+ Rxf8 47. Rxf8 Nd1 48. Rf7+ Kg8 49. Ra7 Nb2 1-0

[Event "GER-chW Blitz 2019"]
[Site "Magdeburg"]
[Date "2019.05.25"]
[Round "13.1"]
[White "Silz, Elisa"]
[Black "Roesler, Hannah Clara Hed"]
[Result "1-0"]
[ECO "E16"]
[WhiteElo "1977"]
[BlackElo "1619"]
[Annotator "NA"]
[PlyCount "78"]
[EventDate "2019.05.25"]
[EventType "tourn"]
[EventCountry "GER"]
[SourceTitle "playchess.com"]
[Source "ChessBase"]
[SourceQuality "1"]
[TimeControl "180+2"]

1. d4 Nf6 2. Nf3 e6 3. c4 Bb4+ 4. Bd2 Qe7 5. Nc3 Bxc3 6. Bxc3 Ne4 7. g3 O-O 8. Bg2 d6 9. O-O Nxc3 10. bxc3 Nc6 11. Rb1 Rb8 12. e4 e5 13. Qc2 Bg4 14. d5 Nd8 15. h3 Bh5 16. Nh4 Bg6 17. Qe2 b6 18. a4 a5 19. Bf3 Nb7 20. Ra1 Nc5 21. Rfe1 f5 22. exf5 Bxf5 23. Nxf5 Rxf5 24. Bg4 Rf6 25. f4 e4 26. Bf3 Re8 27. Bg2 Ref8 28. Bxe4 Nxe4 29. Qxe4 Qxe4 30. Rxe4 Kf7 31. Rae1 g6 32. Re7+ Kg8 33. Rxc7 Rb8 34. Ree7 g5 35. Rg7+ Kh8 36. Rxh7+ Kg8 37. fxg5 Rg6 38. h4 Re8 39. Kf2 Rf8+ 1-0

[Event "GER-chW Blitz 2019"]
[Site "Magdeburg"]
[Date "2019.05.25"]
[Round "13.2"]
[White "Kotyk, Valeriya"]
[Black "Rath, Alina"]
[Result "1-0"]
[ECO "D32"]
[WhiteElo "1739"]
[BlackElo "2042"]
[Annotator "NA"]
[PlyCount "60"]
[EventDate "2019.05.25"]
[EventType "tourn"]
[EventCountry "GER"]
[SourceTitle "playchess.com"]
[Source "ChessBase"]
[SourceQuality "1"]
[TimeControl "180+2"]

1. d4 d5 2. c4 e6 3. Nc3 c5 4. Nf3 Nc6 5. cxd5 exd5 6. e3 Nf6 7. Be2 Be7 8. O-O O-O 9. a3 a6 10. dxc5 Bxc5 11. b4 Ba7 12. Qc2 Bg4 13. Rd1 Rc8 14. Bb2 Qd7 15. Nd4 Bxd4 16. Bxg4 Qxg4 17. exd4 Nxd4 18. Qd3 Ne6 19. Qg3 Qxg3 20. hxg3 Rfd8 21. Ne2 Ne4 22. Be5 Rc2 23. Nd4 Rxf2 24. Rac1 Nxd4 25. Bxd4 Ra2 26. Rc7 Nxg3 27. Bc5 f6 28. Rxb7 Ne4 29. Rd3 Re8 30. Rxd5 Ng5 1-0

[Event "GER-chW Blitz 2019"]
[Site "Magdeburg"]
[Date "2019.05.25"]
[Round "13.3"]
[White "Fuchs, Judith"]
[Black "Birkholz, Olga"]
[Result "1-0"]
[ECO "B00"]
[WhiteElo "2218"]
[BlackElo "2031"]
[Annotator "NA"]
[PlyCount "149"]
[EventDate "2019.05.25"]
[EventType "tourn"]
[EventCountry "GER"]
[SourceTitle "playchess.com"]
[Source "ChessBase"]
[SourceQuality "1"]
[TimeControl "180+2"]

1. e4 b6 2. d4 Bb7 3. Bd3 g6 4. Nf3 Bg7 5. O-O e6 6. c3 Ne7 7. Be3 d6 8. Re1 Nd7 9. Qd2 O-O 10. Bh6 c5 11. Bxg7 Kxg7 12. Na3 a6 13. Nc2 Qc7 14. Ne3 Nc6 15. Ng4 f6 16. Qh6+ Kg8 17. Bc4 Nd8 18. Rac1 b5 19. Bb3 c4 20. Bc2 Nf7 21. Qh3 Ng5 22. Nxg5 fxg5 23. e5 Rf4 24. exd6 Qxd6 25. Ne5 Nf6 26. Qg3 Rf8 27. f3 Nh5 28. Qxg5 Qd8 29. Qxd8 Rxd8 30. Re3 Rf6 31. Be4 Bxe4 32. Rxe4 Nf4 33. Nc6 Rd6 34. Ne5 g5 35. Rce1 h6 36. g3 Ng6 37. Nxg6 Rxg6 38. Re5 Kf7 39. Kg2 Rf6 40. R1e4 Rb6 41. a3 a5 42. h4 b4 43. hxg5 hxg5 44. axb4 axb4 45. Rxg5 bxc3 46. bxc3 Rb2+ 47. Kh3 Rxf3 48. Rh5 Rff2 49. Kg4 Rb3 50. Re3 Rf6 51. Rc5 Rg6+ 52. Kf4 Rf6+ 53. Ke4 Rb1 54. Rxc4 Rg1 55. Rc5 Rg6 56. Rf3+ Ke7 57. Rc7+ Kd6 58. Ra7 R6xg3 59. Ra6+ Ke7 60. Rxg3 Rxg3 61. c4 Rg4+ 62. Kd3 Rg3+ 63. Ke4 Rg4+ 64. Ke3 Rg3+ 65. Kf4 Rc3 66. c5 Rc4 67. Ke5 Rc1 68. Ra7+ Ke8 69. Kxe6 Re1+ 70. Kd6 Rh1 71. c6 Rh6+ 72. Kc5 Kd8 73. d5 Kc8 74. Kb6 Rd6 75. Ra8# 1-0

[Event "GER-chW Blitz 2019"]
[Site "Magdeburg"]
[Date "2019.05.25"]
[Round "13.4"]
[White "Lubbe, Melanie"]
[Black "Hofmann, Karina"]
[Result "1-0"]
[ECO "A40"]
[WhiteElo "2278"]
[BlackElo "1700"]
[Annotator "NA"]
[PlyCount "53"]
[EventDate "2019.05.25"]
[EventType "tourn"]
[EventCountry "GER"]
[SourceTitle "playchess.com"]
[Source "ChessBase"]
[SourceQuality "1"]
[TimeControl "180+2"]

1. d4 b6 2. e4 Bb7 3. Nc3 g6 4. f3 Bg7 5. Be3 e6 6. Qd2 Ne7 7. Nge2 d5 8. O-O-O dxe4 9. fxe4 O-O 10. h4 h5 11. Bh6 Nd7 12. g4 hxg4 13. h5 f5 14. hxg6 Bh8 15. Bxf8 Qxf8 16. Qg5 Qf6 17. Qh5 Nxg6 18. exf5 Bxh1 19. fxg6 Bf3 20. Kb1 Nf8 21. Qh2 Nxg6 22. Bg2 Bxe2 23. Nxe2 Rd8 24. Rf1 Qe7 25. Be4 Qh4 26. Qxc7 Qg5 27. Qf7# 1-0

[Event "GER-chW Blitz 2019"]
[Site "Magdeburg"]
[Date "2019.05.25"]
[Round "13.5"]
[White "Ries, Jutta"]
[Black "Siegl, Melina"]
[Result "1-0"]
[ECO "A03"]
[WhiteElo "2017"]
[BlackElo "2029"]
[Annotator "NA"]
[PlyCount "97"]
[EventDate "2019.05.25"]
[EventType "tourn"]
[EventCountry "GER"]
[SourceTitle "playchess.com"]
[Source "ChessBase"]
[SourceQuality "1"]
[TimeControl "180+2"]

1. f4 d5 2. Nf3 c5 3. b3 b6 4. Bb2 Bb7 5. e3 e6 6. Bb5+ Nd7 7. O-O a6 8. Bxd7+ Qxd7 9. Qe2 Nf6 10. d3 Be7 11. Nbd2 O-O 12. Rae1 Qc7 13. Rf2 d4 14. Ne5 Rad8 15. e4 b5 16. Bc1 Bd6 17. Ng4 Nd7 18. e5 Be7 19. h3 Bh4 20. Ne4 Nb6 21. g3 Be7 22. Ref1 Nd5 23. Nh2 Rc8 24. Qg4 Ne3 25. Bxe3 dxe3 26. Re2 Bxe4 27. dxe4 c4 28. Rxe3 Bc5 29. Rfe1 Qb6 30. Nf1 Rcd8 31. Kg2 Bxe3 32. Rxe3 cxb3 33. cxb3 Rd2+ 34. Re2 Rfd8 35. Nxd2 Rxd2 36. Rxd2 h6 37. f5 Qe3 38. Qe2 Qc3 39. f6 Qxe5 40. fxg7 Kxg7 41. Qg4+ Kh7 42. Rf2 f5 43. exf5 exf5 44. Rxf5 Qb2+ 45. Rf2 Qe5 46. Qd7+ Kg6 47. Qf7+ Kg5 48. h4+ Kg4 49. Qf3# 1-0

[Event "GER-chW Blitz 2019"]
[Site "Magdeburg"]
[Date "2019.05.25"]
[Round "13.6"]
[White "Kushka, Alena"]
[Black "Muetsch, Annmarie"]
[Result "0-1"]
[ECO "E77"]
[WhiteElo "2148"]
[BlackElo "2266"]
[Annotator "NA"]
[PlyCount "74"]
[EventDate "2019.05.25"]
[EventType "tourn"]
[EventCountry "GER"]
[SourceTitle "playchess.com"]
[Source "ChessBase"]
[SourceQuality "1"]
[TimeControl "180+2"]

1. d4 Nf6 2. c4 g6 3. Nc3 Bg7 4. e4 d6 5. f4 O-O 6. Nf3 c5 7. d5 e6 8. dxe6 Bxe6 9. Bd3 Nc6 10. f5 Bd7 11. O-O Ng4 12. Bg5 Bf6 13. Bxf6 Qxf6 14. Nd5 Qg7 15. h3 Nge5 16. f6 Qh6 17. Nxe5 Nxe5 18. Ne7+ Kh8 19. Qe2 Qg5 20. Kh1 Qg3 21. Rad1 Be6 22. b3 a6 23. Bb1 Rab8 24. Qd2 Qh4 25. Qf4 Qxf4 26. Rxf4 Rfd8 27. Rdf1 b5 28. cxb5 axb5 29. Rh4 c4 30. bxc4 bxc4 31. Bc2 Rb2 32. Bd1 c3 33. Rff4 h5 34. Rf1 c2 35. Bxh5 g5 36. Bxf7+ gxh4 37. Bxe6 Rb1 0-1

[Event "GER-chW Blitz 2019"]
[Site "Magdeburg"]
[Date "2019.05.25"]
[Round "13.7"]
[White "Schulze, Lara"]
[Black "Michna, Marta"]
[Result "1-0"]
[ECO "C05"]
[WhiteElo "2160"]
[BlackElo "2355"]
[Annotator "NA"]
[PlyCount "123"]
[EventDate "2019.05.25"]
[EventType "tourn"]
[EventCountry "GER"]
[SourceTitle "playchess.com"]
[Source "ChessBase"]
[SourceQuality "1"]
[TimeControl "180+2"]

1. e4 e6 2. d4 d5 3. Nd2 Nf6 4. e5 Nfd7 5. Bd3 c5 6. c3 Nc6 7. Ne2 a5 8. O-O cxd4 9. cxd4 Nb6 10. Nf3 Be7 11. Nf4 g6 12. Bb1 a4 13. Nd3 h5 14. Nf4 Bd7 15. Ne1 Qc7 16. g3 h4 17. Qg4 O-O-O 18. b3 Nxd4 19. Ned3 Nf5 20. Bd2 Na8 21. Rc1 Bc6 22. bxa4 hxg3 23. hxg3 d4 24. f3 Kb8 25. Bc2 Ne3 26. Bxe3 dxe3 27. Kg2 Nb6 28. a5 Nd5 29. Nxd5 Rxd5 30. Rh1 Rdd8 31. Qf4 Qxa5 32. Qxe3 Rxh1 33. Rxh1 Qc3 34. Rc1 Qd4 35. Qxd4 Rxd4 36. Kf2 Ba4 37. Bxa4 Rxa4 38. Rc2 Rd4 39. Ke2 Rd5 40. f4 Ka7 41. Rc7 Ba3 42. Rxf7 Rd8 43. Rf6 Rc8 44. Rxe6 Rc2+ 45. Ke3 Rg2 46. Kf3 Rxa2 47. Rxg6 b5 48. e6 Bd6 49. Rg7+ Kb6 50. e7 Bxe7 51. Rxe7 Ra3 52. Ke4 b4 53. Nxb4 Rxg3 54. Nd3 Kc6 55. Ne5+ Kd6 56. Re8 Rg1 57. Kf5 Rf1 58. Rd8+ Ke7 59. Rd7+ Ke8 60. Ra7 Rf2 61. Ke6 Kd8 62. f5 1-0